 Dungeon Sprint DCSS version 0.31-a0-965-g8a8ce12e04 (webtiles) character file.

Game seed: 15765927450281008802

63 rocky1 the Slasher (level 4, -3/42 HPs)
             Began as a Tengu Gladiator on Oct 27, 2023.
             Was a Believer of Sif Muna.
             Slain by an orc warrior
             ... wielding a +0 trident
              (13 damage)
             ... in the Dungeon (Sprint VII: "The Pits").
             The game lasted 00:01:14 (513 turns).

rocky1 the Slasher (Tengu Gladiator)                 Turns: 513, Time: 00:01:14

Health: -3/42      AC:  3    Str: 14    XL:     4   Next: 9%
Magic:  8/8        EV: 14    Int:  9    God:    Sif Muna [**....]
Gold:   0          SH:  0    Dex: 17    Spells: 7/7 levels left

rFire   . . .        p - +0 long sword (holy)
rCold   . . .        (no shield)
rNeg    . . .        b - +0 leather armour
rPois   .            c - +0 hat
rElec   .            (no cloak)
rCorr   .            (no gloves)
SInv    .            (boots unavailable)
Will    .....        (no amulet) Stlth
                     (no ring)
HPRegen 0.27/turn    (no ring)
MPRegen 0.11/turn

%: no teleportation, acrobat
@: berserking (expiring), very quick
A: beak, talons 3, acrobatic
a: Renounce Religion, Channel Magic


You were in the Dungeon.
You worshipped Sif Muna.
Sif Muna was pleased with you.
You visited 1 branch

Inventory:

Hand Weapons
 a - a +0 long sword
 p - a +0 long sword of holy wrath (weapon)
Missiles
 d - 3 throwing nets (quivered)
 e - a javelin
Armour
 b - a +0 leather armour (worn)
 c - a +0 hat (worn)
Scrolls
 k - a scroll of blinking
 m - 2 scrolls of vulnerability
 n - 5 scrolls of amnesia
 o - a scroll of butterflies
Potions
 f - 6 potions of curing
 g - 6 potions of heal wounds
 h - a potion of haste
 i - 4 potions of magic
 j - 2 potions of berserk rage
 l - 2 potions of invisibility


   Skills:
 * Level 3.2 Fighting
 * Level 6.3 Long Blades
 - Level 2.1 Throwing
 + Level 0.6 Armour
 + Level 5.0 Dodging
 + Level 0.2 Stealth
 * Level 2.0 Spellcasting
 * Level 1.7 Invocations


You had 7 spell levels left.
You didn't know any spells.
Your spell library was empty.

Dungeon Overview and Level Annotations

Branches:
Dungeon (1/1)

Altars:
Ashenzari
Cheibriados
Dithmenos
Elyvilon
Fedhas
Gozag
Hepliaklqana
Kikubaaqudgha
Makhleb
Nemelex Xobeh
Okawaru
Qazlal
Ru
Sif Muna
Trog
Uskayaw
Vehumet
Wu Jian
Xom
Yredelemnul
Zin
The Shining One
Jiyva
Lugonu


Innate Abilities, Weirdness & Mutations

You have a beak for a mouth.
You have claws for feet.
You can magically evade attacks while moving or waiting.


Message History

There is a large open door here.
There is an open door here.
You see here a river rat corpse.
There is an open door here.
There is an open door, spattered with blood here.
You see here an adder skeleton.
You start resting.
HP restored.
You open the door.
There is an open door here.
You open the door.
An orc wizard and a water moccasin come into view.
An orc warrior and 2 orcs come into view.
The orc warrior shouts!
The orc shouts! x2; The water moccasin hisses angrily.
An orc wizard comes into view. It is wielding a +0 dagger.
There is an open door here.
A quasit comes into view.
The orc wizard shouts!
A red film seems to cover your vision as you go berserk!
You feel yourself moving faster!
You feel mighty!
The quasit gives a chilling moan.
You hear a shout!
The water moccasin bites you.
You slash the water moccasin!
The water moccasin is heavily wounded.
The water moccasin barely misses you.
The orc warrior hits you from afar with a +0 trident!
You miss the water moccasin.
The water moccasin is heavily wounded.
The water moccasin bites you.
A kobold comes into view. It is wielding a +0 short sword.
The orc warrior hits you from afar with a +0 trident!
* * * LOW HITPOINT WARNING * * *
You closely miss the water moccasin.
The water moccasin is heavily wounded.
The water moccasin misses you.
You barely miss the water moccasin.
The water moccasin is heavily wounded.
The water moccasin completely misses you.
The orc warrior hits you from afar with a +0 trident!
You die...

##########.##.....
#...........'.....
#'#####÷#####.....
#.#..#...'.##.....
#.#..#...#.#####'#
#.#..#####†##.....
#.#..'..)#.##.....
#.#..'...'.##.....
#@#..########...<.
#S#..'.).)[##.....
#o#..#.)))[##.....
#o###########.....
#oo..oo.# ######
#5.###o.# #K..
##.## ..


You could see an orc warrior, a water moccasin, an orc wizard, a quasit, 2 orcs
and a kobold.

Vanquished Creatures
  A jelly (D)
  An adder (D)
  2 river rats (D)
  A bat (D)
  An endoplasm (D)
  A giant cockroach (D)
  2 jackals (D)
  A kobold (D)
10 creatures vanquished.

Notes
Turn   | Place    | Note
-------+----------+-------------------------------------------
     0 | D        | rocky1 the Tengu Gladiator began the quest for the Orb.
     0 | D        | Reached XP level 1. HP: 12/12 MP: 2/2
    20 | D        | Found a bloodstained altar of Trog.
    20 | D        | Found a shimmering blue altar of Sif Muna.
    20 | D        | Found a viscous altar of Jiyva.
    20 | D        | Found a hazy altar of Hepliaklqana.
    20 | D        | Found an opulent altar of Gozag.
    21 | D        | Found a glowing golden altar of the Shining One.
    21 | D        | Found a glowing silver altar of Zin.
    21 | D        | Found a basalt altar of Yredelemnul.
    21 | D        | Found a shimmering altar of Xom.
    21 | D        | Found an ornate altar of the Wu Jian Council.
    21 | D        | Found a sacrificial altar of Ru.
    21 | D        | Found a stormy altar of Qazlal.
    21 | D        | Found an iron altar of Okawaru.
    21 | D        | Found a sparkling altar of Nemelex Xobeh.
    21 | D        | Found a burning altar of Makhleb.
    21 | D        | Found a blossoming altar of Fedhas.
    21 | D        | Found a white marble altar of Elyvilon.
    21 | D        | Found a shadowy altar of Dithmenos.
    21 | D        | Found a snail-covered altar of Cheibriados.
    24 | D        | Found a corrupted altar of Lugonu.
    24 | D        | Found a radiant altar of Vehumet.
    25 | D        | Found an ancient bone altar of Kikubaaqudgha.
    25 | D        | Found a hide-covered altar of Uskayaw.
    25 | D        | Found a broken altar of Ashenzari.
    28 | D        | Became a worshipper of Sif Muna the Loreminder
    74 | D        | Reached skill level 4 in Long Blades
    74 | D        | Reached XP level 2. HP: 6/18 MP: 2/4
   241 | D        | Reached * piety under Sif Muna
   245 | D        | Reached skill level 1 in Spellcasting
   361 | D        | Reached skill level 5 in Long Blades
   363 | D        | Reached ** piety under Sif Muna
   364 | D        | Reached skill level 1 in Invocations
   364 | D        | Reached XP level 3. HP: 11/22 MP: 4/6
   427 | D        | Reached skill level 6 in Long Blades
   427 | D        | Reached skill level 5 in Dodging
   427 | D        | Reached XP level 4. HP: 12/28 MP: 6/8
   504 | D        | Noticed a water moccasin
   505 | D        | Noticed an orc warrior
   513 | D        | Slain by an orc warrior

Illustrated notes

Levels and vault maps discovered:
D:        pitsprint [storerooms_1, entrance_room_1, metal_vault_1, armoury_1,
          mini_pit_1, grid_room_1, main_hall_1, silver_pit, the_coven_3,
          the_vestibule_1, steel_vault_3, golden_pit, hallway_of_sentries,
          crystal_vault_5, iron_vault_1, final_vault]

Skill      XL: |  1  2  3 |
---------------+----------+-----
Long Blades    | 4 5 6 |  6.3
Dodging        | 4 5 |  5.0
Spellcasting   | 1 2 |  2.0
Invocations    | 1 |  1.7
Fighting       | 3 |  3.2
Throwing       | |  2.1
Armour         | |  0.6
Stealth        | |  0.2

Action                     |  1- 3 |  4- 6 || total
---------------------------+-------+-------++-------
  Melee: Long sword        |    26 |     4 ||    30
         Kick              |     4 |       ||     4
         Peck              |     2 |       ||     2
    Use: Potion            |       |     1 ||     1
   Stab: Sleeping          |     1 |       ||     1
 Armour: Leather armour    |    10 |     5 ||    15
  Dodge: Dodged            |    16 |     3 ||    19

Table legend: (Time is in decaauts)
 A = Elapsed time spent in this place.
 B = Non-inter-level travel time spent in this place.
 C = Inter-level travel time spent in this place.
 D = Time resting spent in this place.
 E = Time spent auto-exploring this place.
 F = Levels seen in this place.
 G = Mean time per level.
                   A        B        C        D        E       F      G
               +--------+--------+--------+--------+--------+-----+--------+
         Total |    516 |    496 |     20 |    333 |      0 |   1 |  516.0 |
       Dungeon |    516 |    496 |     20 |    333 |      0 |   1 |  516.0 |
               +--------+--------+--------+--------+--------+-----+--------+

Top non-repeatable levels by time:
       D: 516 daAuts
